 Dungeon Crawl Stone Soup version 0.29-a0-994-gc5c9f59d18 (webtiles) character file.

Game seed: 117981839245794617

277 IdlyInterested the Chopper (level 6, -2/47 HPs)
             Began as a Demonspawn Wanderer on Aug 3, 2022.
             Killed by divine providence
             ... invoked by an orc priest
              (13 damage)
             ... on level 3 of the Dungeon.
             The game lasted 00:06:53 (2762 turns).

IdlyInterested the Chopper (Demonspawn Wanderer)    Turns: 2762, Time: 00:06:55

Health: -2/47      AC: 10    Str: 15    XL:     6   Next: 4%
Magic:  9/9        EV: 11    Int: 15    God:
Gold:   173        SH:  0    Dex: 10    Spells: 8/9 levels left

rFire   . . .      SeeInvis .   a - +1 hand axe
rCold   . . .      Faith    .   (no shield)
rNeg    . . .      Spirit   .   p - +1 leather armour of the Iron City of Dis {rPois}
rPois   +          Reflect  .   (no helmet)
rElec   .          Harm     .   (no cloak)
rCorr   .          Rampage  .   (no gloves)
Will    .....                   (no boots)
Stlth   +.........              (no amulet)
HPRegen 1.15/turn               (no ring)
MPRegen 0.11/turn               (no ring)

@: sanguine armoured
A: claws 2, powered by death 1, sanguine armour 1
a: no special abilities


You were on level 3 of the Dungeon.
You visited 1 branch of the dungeon, and saw 4 of its levels.

You collected 173 gold pieces.

Inventory:

Hand Weapons
 a - a +1 hand axe (weapon)
 e - a +0 spectral quarterstaff
 i - a +0 trident
Armour
 k - a +1 scale mail
 p - the +1 leather armour of the Iron City of Dis (worn) {rPois}
   (You found it on level 2 of the Dungeon)

   rPois:     It protects you from poison.
Jewellery
 s - a ring of protection from cold
Wands
 g - a wand of polymorph (12)
Scrolls
 d - a scroll of enchant armour
 j - a scroll of summoning
 l - a scroll of amnesia {unknown}
 o - a scroll of fear
 q - a scroll of immolation {unknown}
 r - a scroll of identify
Potions
 b - a potion of haste
 c - a potion of flight
 f - a potion of mutation
 h - a potion of heal wounds {unknown}
 m - a potion of lignification {unknown}
 n - a potion of invisibility {unknown}


   Skills:
 - Level 3.0 Fighting
 * Level 4.4 Axes
 - Level 2.0 Stealth
 - Level 2.0 Unarmed Combat
 - Level 2.0 Spellcasting
 - Level 4.0 Poison Magic


You had 8 spell levels left.
You knew the following spells:

 Your Spells              Type           Power      Damage    Failure   Level
a - Sting                 Tmut/Pois      28%        1d4       12%         1

Your spell library contained the following spells:

 Spells                   Type           Power      Damage    Failure   Level
 Poisonous Vapours        Pois/Air       14%        N/A       19%         2
 Ignite Poison            Fire/Tmut/Pois 5%         N/A       43%         3


Dungeon Overview and Level Annotations

Branches:
Dungeon (4/15)
 Temple: D:4-7

Altars:


Innate Abilities, Weirdness & Mutations

You have very sharp fingernails.
You regenerate a little health from kills.
When seriously injured, your blood forms armour. (AC +6)


Message History

You hit the orc priest.
The orc priest is lightly wounded.
You completely miss the orc. You closely miss the orc.
The orc priest closely misses you. The orc hits you with a +0 falchion.
The orc hits you but does no damage.
You hit the orc priest.
The orc priest is moderately wounded.
You hit the orc. x2
The orc priest calls down the wrath of Beogh upon you.
Pain shoots through your body! The orc hits you but does no damage.
The orc closely misses you.
You hit the orc priest.
The orc priest is moderately wounded.
You hit the orc.
You kill the orc!
You closely miss the orc. The orc hits you with a +0 trident.
The orc priest hits you but does no damage.
You barely miss the orc priest.
The orc priest is moderately wounded.
You hit the orc. The orc hits you but does no damage.
The orc priest barely misses you.
You hit the orc priest.
The orc priest is severely wounded.
You barely miss the orc. The orc hits you but does no damage.
The orc closely misses you.
The orc priest hits you but does no damage.
The orc hits you but does no damage.
You hit the orc but do no damage. You hit the orc priest.
You closely miss the orc. The orc hits you with a +0 trident.
The orc priest mumbles some strange prayers to Beogh against you.
Beogh smites you!
* * * LOW HITPOINT WARNING * * *
The orc barely misses you.
You barely miss the orc priest.
The orc priest is almost dead.
You hit the orc. x2
You kill the orc!
The orc priest invokes the aid of Beogh against you.
Beogh smites you!
You die...

#..............
##.#########...
###########.#########...
..................... ..
..................... .
..................... .
.....................
.......).............
......o@......)......
......o)..$..........
..............<......
.....................
.....................
.:....!..............
..................)..
.....................


You could see an orc priest and an orc.

Vanquished Creatures
  An ogre (D:4)
  Jessica (D:2)
  Natasha (twice) (D:2)
  2 adders (D:2)
  A gnoll (D:1)
  5 dart slugs
  3 orcs (D:3)
  4 endoplasms (D:1)
  2 giant cockroaches
  6 goblins
  6 hobgoblins
  5 kobolds
  3 quokkas
  10 ball pythons
  7 bats
  5 frilled lizards
  5 rats
68 creatures vanquished.

Vanquished Creatures (collateral kills)
  Natasha (D:2)
1 creature vanquished.

Vanquished Creatures (others)
  5 plants (D:2)
5 creatures vanquished.

Grand Total: 74 creatures vanquished

Notes
Turn   | Place    | Note
-------+----------+-------------------------------------------
     0 | D:1      | IdlyInterested the Demonspawn Wanderer began the quest for
                  | the Orb.
     0 | D:1      | IdlyInterested set off with the following items: a +1 hand
                  | axe, a potion of haste, a +0 leather armour; and the
                  | following spell memorised: Sting; and the following spells
                  | available to memorise: Poisonous Vapours, Ignite Poison.
     0 | D:1      | Reached XP level 1. HP: 18/18 MP: 2/2
   295 | D:1      | Gained mutation: When seriously injured, your blood forms
                  | armour. (AC +6) [demonic ancestry]
   295 | D:1      | Reached XP level 2. HP: 8/24 MP: 4/4
   654 | D:1      | Gained mutation: You have sharp fingernails. [demonic
                  | ancestry]
   654 | D:1      | Reached XP level 3. HP: 18/29 MP: 5/5
  1468 | D:1      | Found a faded altar of an unknown god.
  1635 | D:2      | Noticed Natasha
  1656 | D:2      | Killed Natasha
  1657 | D:2      | Reached skill level 1 in Unarmed Combat
  1657 | D:2      | Reached XP level 4. HP: 15/35 MP: 7/7
  1663 | D:2      | Noticed Natasha
  1676 | D:2      | Killed Natasha
  1930 | D:2      | Noticed Jessica
  1941 | D:2      | Killed Jessica
  1942 | D:2      | Gained mutation: You regenerate a little health from kills.
                  | [demonic ancestry]
  1942 | D:2      | Reached XP level 5. HP: 21/41 MP: 8/8
  1963 | D:2      | Identified the +1 leather armour of the Iron City of Dis
                  | {rPois}
  2541 | D:2      | Noticed Natasha
  2547 | D:2      | Killed Natasha
  2623 | D:2      | You fall into a shaft and drop 2 floors!
  2644 | D:4      | Noticed an ogre
  2654 | D:4      | Killed an ogre
  2655 | D:4      | Gained mutation: You have very sharp fingernails. [demonic
                  | ancestry]
  2655 | D:4      | Reached XP level 6. HP: 30/47 MP: 9/9
  2762 | D:3      | Killed from afar by an orc priest

Illustrated notes

Levels and vault maps discovered:
D:1:      onia_arrival_handbag, layout_rooms, ebering_ecumenical_altar_box
D:2:      layout_rooms, serial_bayou_lagoon_b, uniq_natasha, uniq_jessica
D:3:      layout_basic, mainiacjoe_overflow_catwalk_spiral,
          kennysheep_flooded_box
D:4:      layout_rooms, nemelex_dance_club_becter, serial_shops,
          nicolae_shop_behind_doors, minivault_27, minmay_misc_feat_five,
          minmay_increasing_density, uniq_grinder

Skill      XL: |  1  2  3  4  5 |
---------------+----------------+-----
Axes           | 2 3 4 |  4.4
Spellcasting   | 2 |  2.0
Unarmed Combat | 1 2 |  2.0
Stealth        | 2 |  2.0
Fighting       | |  3.0
Poison Magic   | |  4.0

Action                   |  1- 3 |  4- 6 || total
-------------------------+-------+-------++-------
Melee: Hand axe          |   118 |    93 ||   211
       Punch             |     4 |     1 ||     5
  Use: Potion            |       |     1 ||     1
       Scroll            |       |     7 ||     7
 Stab: Sleeping          |     2 |     2 ||     4
Armor: Leather armour    |    10 |    26 ||    36
       Ring mail         |    27 |       ||    27
       Scale mail        |     8 |    31 ||    39
Dodge: Dodged            |    48 |    64 ||   112

Table legend: (Time is in decaauts)
 A = Elapsed time spent in this place.
 B = Non-inter-level travel time spent in this place.
 C = Inter-level travel time spent in this place.
 D = Time resting spent in this place.
 E = Time spent auto-exploring this place.
 F = Levels seen in this place.
 G = Mean time per level.
                   A        B        C        D        E       F      G
               +--------+--------+--------+--------+--------+-----+--------+
         Total |   2787 |   2468 |    319 |    957 |    777 |   4 |  696.8 |
       Dungeon |   2787 |   2468 |    319 |    957 |    777 |   4 |  696.8 |
               +--------+--------+--------+--------+--------+-----+--------+

Top non-repeatable levels by time:
     D:1: 2309 daAuts
     D:2: 336 daAuts
     D:3: 92 daAuts
     D:4: 49 daAuts
